[Event "Titled Tuesday Blitz October 18 Late 2022"]
[White "Souleidis, Georgios"]
[Black "Bortnyk, Olexandr"]
[WhiteFideId "4206827"]
[BlackFideId "14120828"]
[WhiteElo "2401"]
[BlackElo "2723"]
[Result "0-1"]
[Round "01"]
[TimeControl "180+1"]
[Date "2022.10.18"]
[WhiteClock "0:00:01"]
[BlackClock "0:02:31"]

1. e4 Nf6 2. e5 Nd5 3. d4 d6 4. Nf3 dxe5 5. Nxe5 c6 6. Be2 Bf5 7. O-O Nd7 8. Nf3 e6 9. c4 N5f6 10. Nc3 Bd6 11. Nh4 Bg6 12. g3 O-O 13. Nxg6 hxg6 14. Be3 Qc7 15. Bf3 e5 16. Qb3 a5 17. Rac1 exd4 18. Bxd4 Bc5 19. Rfd1 Bxd4 20. Rxd4 Nc5 21. Qc2 Rfe8 22. Rcd1 Re5 23. b3 Rae8 24. Kg2 g5 25. h4 Ne6 26. R4d2 gxh4 27. Rh1 hxg3 28. fxg3 Rg5 29. Ne2 Nf4+ 30. Nxf4 Qxf4 31. Rh3 g6 32. Rf2 Re3 33. Qb2 Qe5 0-1


[Site "https://www.chess.com"]

[Event "Titled Tuesday Blitz October 18 Late 2022"]
[White "Souza Santos, Carlos Roberto"]
[Black "McCoy, Owen"]
[WhiteFideId "2150603"]
[BlackFideId "30924502"]
[WhiteElo "2064"]
[BlackElo "2507"]
[Result "0-1"]
[Round "01"]
[TimeControl "180+1"]
[Date "2022.10.19"]
[WhiteClock "0:00:02"]
[BlackClock "0:02:28"]

1. d4 g6 2. Nc3 Bg7 3. e4 d6 4. Be3 a6 5. Bc4 b5 6. Bb3 Bb7 7. f3 Nd7 8. Qd2 c5 9. Bd5 Bxd5 10. exd5 cxd4 11. Bxd4 Ngf6 12. Nge2 O-O 13. O-O Nb6 14. Bf2 b4 15. Ne4 Nfxd5 16. c3 bxc3 17. bxc3 Nf6 18. Rab1 Nc4 19. Qd4 Nxe4 20. Qxc4 Nd2 21. Qd3 Nxf1 22. Rxf1 Qc8 23. h4 Qf5 24. Qd2 Rfc8 25. Nd4 Qd5 26. Rd1 e5 27. Nb3 Qxd2 28. Rxd2 Rxc3 29. Rxd6 Rc2 30. a3 Rc3 31. Rb6 Bf8 32. a4 h5 33. Na5 Ra3 34. Nc4 Rxa4 35. Nxe5 Ra5 36. Nd7 Rb5 37. Rc6 Bg7 38. f4 a5 39. Nc5 a4 40. Nd3 a3 41. Ne5 a2 42. Bd4 a1=Q+ 43. Bxa1 Rxa1+ 44. Kh2 Bxe5 45. fxe5 Rxe5 46. Rc7 Rae1 47. Rd7 Kg7 48. Ra7 R1e4 49. Kh3 Re3+ 50. Kh2 R5e4 51. g3 Rf3 52. Ra2 Ree3 53. Rg2 Kf6 54. Kh3 Kf5 55. Kh2 Kg4 56. Kh1 Rxg3 57. Ra2 Kf3 58. Ra4 Re1+ 59. Kh2 Rg2+ 60. Kh3 Rh1# 0-1


[Site "https://www.chess.com"]

[Event "Titled Tuesday Blitz October 18 Late 2022"]
[White "Storey, Charles H"]
[Black "Cabarkapa, Novak"]
[WhiteFideId "406686"]
[BlackFideId "943746"]
[WhiteElo "2252"]
[BlackElo "2390"]
[Result "1-0"]
[Round "01"]
[TimeControl "180+1"]
[Date "2022.10.19"]
[WhiteClock "0:00:05"]
[BlackClock "0:00:11"]

1. c4 a6 2. g3 h5 3. h4 Nh6 4. Bg2 Ng4 5. Nc3 d6 6. Nf3 c6 7. d4 Nd7 8. a4 a5 9. e4 Nb8 10. O-O Na6 11. Bf4 e5 12. dxe5 dxe5 13. Qxd8+ Kxd8 14. Nxe5 Nxe5 15. Bxe5 f6 16. Rad1+ Ke8 17. Bd4 Bc5 18. e5 f5 19. Ne2 Kf7 20. Nf4 Be6 21. b3 Rad8 22. Bb2 Bb4 23. Bf3 g6 24. Nd3 Nc5 25. Nxc5 Bxc5 26. Bc3 Bb4 27. Bxb4 axb4 28. Rxd8 Rxd8 29. Rd1 Ra8 30. Rd6 Ra5 31. Rd8 Rxe5 32. Rb8 b5 33. cxb5 cxb5 34. a5 Bxb3 35. a6 Re1+ 36. Kg2 Ra1 37. Rb7+ Ke6 38. a7 Bd5 39. Rb6+ Ke5 40. Rxb5 Rxa7 41. Rxd5+ Kf6 42. Rb5 Ra4 43. Bc6 f4 44. gxf4 Ra3 45. Rxb4 Kf5 46. Bd7+ Kf6 47. Rb6+ Kg7 48. Be8 Ra5 49. Bxg6 Kh6 50. Be4+ Kg7 51. Rg6+ Kh8 52. Rg5 Ra4 53. Rxh5+ Kg7 54. Re5 Kh6 55. Kg3 Ra3+ 56. f3 Ra1 57. Re6+ Kg7 58. h5 Rg1+ 59. Kf2 Rh1 60. h6+ Kf7 61. f5 Rh2+ 62. Ke3 Rh1 63. Kf4 Rh4+ 64. Ke5 Kg8 65. Rg6+ Kh8 66. Kf6 Rh5 67. Ke6 Rh1 68. f6 Ra1 69. f7 Ra6+ 70. Bc6 Rxc6+ 71. Kd7 Rxg6 72. f8=Q+ Kh7 73. Qf7+ Kxh6 74. Ke8 Rg7 75. Qf4+ Kh7 76. Qh4+ Kg8 77. f4 Rg6 78. f5 Ra6 79. Qc4+ Kh8 80. Qxa6 Kg7 81. Qg6+ Kh8 82. Qg1 Kh7 83. Kf7 Kh6 84. Qg6# 1-0


[Site "https://www.chess.com"]

[Event "Titled Tuesday Blitz October 18 Late 2022"]
[White "Suleymanli, Aydin"]
[Black "Kirillov, Dmitry"]
[WhiteFideId "13413937"]
[BlackFideId "34180572"]
[WhiteElo "2481"]
[BlackElo "2095"]
[Result "1-0"]
[Round "01"]
[TimeControl "180+1"]
[Date "2022.10.18"]
[WhiteClock "0:00:08"]
[BlackClock "0:00:01"]

1. e4 c6 2. d4 d5 3. Nd2 dxe4 4. Nxe4 Nf6 5. Ng3 g6 6. Nf3 Bg7 7. Bc4 O-O 8. O-O Bg4 9. c3 Nbd7 10. h3 Bxf3 11. Qxf3 e5 12. Bb3 exd4 13. cxd4 Nb6 14. Rd1 Nbd5 15. Bg5 Qd6 16. Re1 Rfe8 17. Rad1 h6 18. Bd2 Rad8 19. Ba5 b6 20. Bd2 Qd7 21. Re5 Nh7 22. Bxd5 cxd5 23. Rxe8+ Rxe8 24. Ne2 Nf6 25. Nf4 Ne4 26. Be3 Rc8 27. Qe2 Qf5 28. Nd3 Nd6 29. f3 Re8 30. Qf2 Nc4 31. Bf4 g5 32. Bg3 Ne3 33. Rd2 Bxd4 34. Kh1 Qf6 35. Qe1 Re6 36. Re2 Nf5 37. Be5 Bxe5 38. Nxe5 Rxe5 39. Rxe5 Nd6 40. Rxd5 Nf5 41. Kh2 Nh4 42. Qe5 Qg6 43. Rd8+ 1-0


[Site "https://www.chess.com"]

[Event "Titled Tuesday Blitz October 18 Late 2022"]
[White "Talibov, Shiroghlan"]
[Black "Ventura Bolet, Maxim"]
[WhiteFideId "13429078"]
[BlackFideId "22238824"]
[WhiteElo "2242"]
[BlackElo "2186"]
[Result "0-1"]
[Round "01"]
[TimeControl "180+1"]
[Date "2022.10.19"]
[WhiteClock "0:02:09"]
[BlackClock "0:01:44"]

1. Nf3 d5 2. d4 Nf6 3. g3 e6 4. Bg2 b5 5. O-O Nbd7 6. a4 b4 7. c3 bxc3 8. bxc3 c5 9. c4 Bb7 10. cxd5 Nxd5 11. Ba3 Be7 12. Nbd2 O-O 13. Ne4 c4 14. Nd6 Ba6 0-1


[Site "https://www.chess.com"]

[Event "Titled Tuesday Blitz October 18 Late 2022"]
[White "Tomaszewski, Kacper"]
[Black "Eisa Mohmood, Alkhoori"]
[WhiteFideId "1127373"]
[BlackFideId "9316116"]
[WhiteElo "2211"]
[BlackElo "1245"]
[Result "0-1"]
[Round "01"]
[TimeControl "180+1"]
[Date "2022.10.19"]
[WhiteClock "0:00:07"]
[BlackClock "0:01:02"]

1. Nf3 Nf6 2. c4 g6 3. Nc3 d5 4. cxd5 Nxd5 5. e3 Bg7 6. h4 h5 7. Qb3 Nxc3 8. bxc3 O-O 9. d4 c5 10. Ba3 cxd4 11. cxd4 Nc6 12. Be2 Qa5+ 13. Nd2 Be6 14. Qb2 Rfd8 15. O-O Nxd4 16. exd4 Bxd4 17. Qb4 Qxb4 18. Bxb4 Bxa1 19. Rxa1 a5 20. Bc3 Rdc8 21. Bd4 Rc2 22. Be3 a4 23. a3 Rac8 24. Bb5 Rc1+ 25. Rxc1 Rxc1+ 26. Kh2 Rc3 27. Bxa4 Rxa3 28. Bb5 f6 29. Bc4 Bxc4 30. Nxc4 Ra4 31. Nb6 Rxh4+ 32. Kg3 Rg4+ 33. Kf3 g5 34. Bc5 Kf7 35. Nd5 b5 36. Ne3 Ra4 37. Nd5 Rc4 38. Be3 b4 39. Ke2 b3 40. Kd3 b2 41. Kxc4 b1=Q 42. Nc3 Qf1+ 43. Kd4 h4 44. Ne4 Qxg2 45. Nc5 h3 0-1


[Site "https://www.chess.com"]

[Event "Titled Tuesday Blitz October 18 Late 2022"]
[White "Tsaruk, Maksim"]
[Black "Ward, Ieuan C"]
[WhiteFideId "13511173"]
[BlackFideId "406627"]
[WhiteElo "2273"]
[BlackElo "2364"]
[Result "1-0"]
[Round "01"]
[TimeControl "180+1"]
[Date "2022.10.19"]
[WhiteClock "0:01:30"]
[BlackClock "0:00:12"]

1. d4 Nf6 2. Nf3 e6 3. c4 b6 4. Nc3 Bb7 5. Bf4 Bb4 6. e3 Ne4 7. Qc2 d6 8. Bd3 f5 9. O-O Bxc3 10. bxc3 Nd7 11. Nd2 Ndf6 12. f3 Nxd2 13. Qxd2 O-O 14. Rae1 Qd7 15. e4 fxe4 16. fxe4 Nh5 17. Be3 e5 18. c5 Rae8 19. cxd6 Qxd6 20. Bc4+ Kh8 21. Bf7 Nf6 22. Bxe8 Rxe8 23. dxe5 Qxd2 24. Bxd2 Rxe5 25. Bf4 Rxe4 26. Rxe4 Nxe4 27. Bxc7 Kg8 28. Be5 Bd5 29. a3 g6 30. Rf4 b5 31. h4 a5 32. Kh2 a4 33. g4 Bc6 34. h5 Nd2 35. Kg3 Nc4 36. Bd4 gxh5 37. gxh5 Nxa3 38. h6 Nc4 39. Bg7 1-0


[Site "https://www.chess.com"]

[Event "Titled Tuesday Blitz October 18 Late 2022"]
[White "Urazayev, Arystanbek"]
[Black "Titus, Andrew"]
[WhiteFideId "13709810"]
[BlackFideId "2059770"]
[WhiteElo "2441"]
[BlackElo "2061"]
[Result "1-0"]
[Round "01"]
[TimeControl "180+1"]
[Date "2022.10.18"]
[WhiteClock "0:00:05"]
[BlackClock "0:00:02"]

1. d4 d5 2. c4 e6 3. Nf3 Nf6 4. g3 Be7 5. Bg2 O-O 6. Nc3 dxc4 7. Ne5 Nc6 8. Bxc6 bxc6 9. Nxc6 Qe8 10. Nxe7+ Qxe7 11. Qa4 Bb7 12. f3 c5 13. Be3 cxd4 14. Bxd4 e5 15. Be3 e4 16. f4 Ng4 17. Nd1 Rfd8 18. h3 Rxd1+ 19. Rxd1 Nxe3 20. Rd7 Ng2+ 21. Kf2 e3+ 22. Kg1 Qe4 23. Qb4 Bc6 24. Qe7 Qxe7 25. Rxe7 Kf8 26. Rc7 Bd5 27. Kh2 Be4 28. Rd1 f5 29. Rdd7 g6 30. Rxh7 Kg8 31. Rcg7+ Kf8 32. Rxg6 Ne1 33. Re6 Rd8 34. Rh8+ Kf7 35. Rxd8 Kxe6 36. h4 Nc2 37. h5 Nb4 38. h6 Nd5 39. h7 c3 40. h8=Q c2 41. Qe5+ Kf7 42. Rd7+ Kg8 43. Qg7# 1-0


[Site "https://www.chess.com"]

[Event "Titled Tuesday Blitz October 18 Late 2022"]
[White "Urbina Perez, Juan Antonio"]
[Black "Bongo Akanga Ndjila, Barthelemy"]
[WhiteFideId "2217368"]
[BlackFideId "10609431"]
[WhiteElo "2197"]
[BlackElo "1768"]
[Result "1-0"]
[Round "01"]
[TimeControl "180+1"]
[Date "2022.10.19"]
[WhiteClock "0:00:27"]
[BlackClock "0:00:53"]

1. d4 d5 2. c4 e6 3. Nf3 Nf6 4. g3 Bb4+ 5. Bd2 Bd6 6. Bg2 c6 7. O-O Nbd7 8. b3 Qe7 9. Bc3 O-O 10. Nbd2 Bb4 11. Qc2 Bxc3 12. Qxc3 Re8 13. Rfe1 e5 14. dxe5 Nxe5 15. Nxe5 Qxe5 16. Qxe5 Rxe5 17. cxd5 Nxd5 18. Nc4 Re7 19. Bxd5 cxd5 20. Ne3 Be6 21. Rac1 Rd7 22. Red1 d4 23. Nc2 Rad8 24. Nb4 h5 25. h4 Bg4 26. f3 Bf5 27. Rd2 d3 28. e4 Bg6 29. Nd5 f5 30. Nf4 Bh7 31. e5 Rd4 32. Kf2 Kf7 33. Rc7+ Kg8 34. Rxb7 R4d7 35. Rxd7 Rxd7 36. Ke3 Kf8 37. Rxd3 Rxd3+ 38. Kxd3 Ke7 39. Kd4 Bg8 40. Nxh5 g6 41. Nf4 Bf7 42. Nd5+ Kd7 43. Nf4 Kc6 44. e6 Be8 45. Ke5 Kc5 46. Kf6 Kd6 47. Nxg6 Bc6 48. Ne5 Be8 49. g4 fxg4 50. fxg4 a5 51. h5 a4 52. bxa4 Bxa4 53. g5 Bc2 54. g6 Bb1 55. h6 Bxa2 56. h7 Bxe6 57. h8=Q Bd5 58. Qd8+ Kc5 59. Qc7+ Kd4 60. Qb6+ Ke4 61. Qb4+ Ke3 62. Qc3+ Ke2 63. Qd3+ 1-0


[Site "https://www.chess.com"]

[Event "Titled Tuesday Blitz October 18 Late 2022"]
[White "Vargas, Mauricio"]
[Black "Decuigniere, Tom"]
[WhiteFideId "4404572"]
[BlackFideId "26093820"]
[WhiteElo "2025"]
[BlackElo "2223"]
[Result "0-1"]
[Round "01"]
[TimeControl "180+1"]
[Date "2022.10.19"]
[WhiteClock "0:00:31"]
[BlackClock "0:01:15"]

1. e4 c5 2. Nc3 g6 3. f4 Bg7 4. Nf3 Nc6 5. Bb5 e6 6. Bxc6 dxc6 7. d3 Ne7 8. Bd2 O-O 9. O-O b6 10. Qe1 f5 11. Qh4 Bd7 12. Rad1 Nc8 13. e5 Qxh4 14. Nxh4 Ne7 15. Nf3 Nd5 16. Ne2 Rfd8 17. h3 Bc8 18. Kh2 Ba6 19. Rg1 Bf8 20. Ng5 Re8 21. g4 h6 22. Nf3 Kf7 23. gxf5 gxf5 24. Ng3 Be7 25. Nh5 Rg8 26. Rg2 Rxg2+ 27. Kxg2 Rg8+ 28. Kh2 c4 29. dxc4 Bxc4 30. b3 Be2 31. c4 Bxd1 32. cxd5 cxd5 33. Nd4 Bxh5 34. Be1 Bc5 35. Nb5 Bg1+ 36. Kh1 Bf3# 0-1


[Site "https://www.chess.com"]

[Event "Titled Tuesday Blitz October 18 Late 2022"]
[White "Vujic, Mihailo"]
[Black "Pakleza, Zbigniew"]
[WhiteFideId "918873"]
[BlackFideId "1119290"]
[WhiteElo "2256"]
[BlackElo "2411"]
[Result "0-1"]
[Round "01"]
[TimeControl "180+1"]
[Date "2022.10.18"]
[WhiteClock "0:01:06"]
[BlackClock "0:01:17"]

1. e4 d6 2. d4 Nf6 3. Nc3 c6 4. Nf3 Bg4 5. h3 Bh5 6. g4 Bg6 7. Qe2 e6 8. h4 h5 9. g5 Nfd7 10. Bh3 Be7 11. Bd2 d5 12. e5 c5 13. O-O-O Nc6 14. Nb5 cxd4 15. Nbxd4 Be4 16. Nxc6 bxc6 17. Rhg1 g6 18. Bc3 Qb6 19. Nd2 Bf5 20. Bxf5 gxf5 21. g6 Bxh4 22. gxf7+ Kxf7 23. Nf3 Qxf2 24. Ng5+ Bxg5+ 0-1


[Site "https://www.chess.com"]

[Event "Titled Tuesday Blitz October 18 Late 2022"]
[White "Wiebe, Isaac"]
[Black "Kouskoutis, Georgios-Alexandros"]
[WhiteFideId "2623862"]
[BlackFideId "4234049"]
[WhiteElo "2221"]
[BlackElo "2187"]
[Result "1-0"]
[Round "01"]
[TimeControl "180+1"]
[Date "2022.10.19"]
[WhiteClock "0:00:11"]
[BlackClock "0:00:04"]

1. d4 Nf6 2. c4 e6 3. Nc3 Bb4 4. Qc2 O-O 5. Nf3 b6 6. a3 Bxc3+ 7. Qxc3 Ne4 8. Qc2 Bb7 9. g3 f5 10. Bg2 d5 11. O-O Nd7 12. Bf4 g5 13. Be5 g4 14. Ne1 Nxe5 15. dxe5 Qe7 16. Rd1 Rad8 17. cxd5 Bxd5 18. Nd3 c5 19. Nf4 Qg7 20. Nxd5 exd5 21. f4 gxf3 22. exf3 Ng5 23. f4 Ne4 24. Bxe4 dxe4 25. Rd2 Qe7 26. Rfd1 Rxd2 27. Qxd2 Re8 28. Qd5+ Qe6 29. Kf2 Kf7 30. Ke3 Qxd5 31. Rxd5 Ke7 32. g4 fxg4 33. Kxe4 h5 34. f5 h4 35. Rd6 Rg8 36. Re6+ Kf7 37. Rf6+ Ke7 38. Rh6 g3 39. hxg3 hxg3 40. Rh1 g2 41. Rg1 Kd7 42. Kf4 Kc6 43. Kf3 Kd5 44. e6 Ke5 45. Rxg2 Rxg2 46. Kxg2 Kf6 47. Kf3 b5 48. Ke4 b4 49. axb4 cxb4 50. Kd4 a5 51. Kc4 a4 52. Kxb4 a3 53. Kxa3 1-0


[Site "https://www.chess.com"]

[Event "Titled Tuesday Blitz October 18 Late 2022"]
[White "Winkels, Marcel"]
[Black "Diaz Rosas, Julio Cesar"]
[WhiteFideId "1003887"]
[BlackFideId "5105099"]
[WhiteElo "1900"]
[BlackElo "2246"]
[Result "0-1"]
[Round "01"]
[TimeControl "180+1"]
[Date "2022.10.19"]
[WhiteClock "0:00:03"]
[BlackClock "0:00:20"]

1. e4 c5 2. Nf3 d6 3. Bb5+ Nd7 4. c4 Nf6 5. Nc3 g6 6. h3 Bg7 7. O-O O-O 8. d3 Nb6 9. Bg5 a6 10. Ba4 Nxa4 11. Nxa4 b5 12. Nc3 Rb8 13. Rb1 Bd7 14. Qd2 Re8 15. Rfe1 Bc6 16. e5 dxe5 17. Nxe5 Ba8 18. Qe3 Qd6 19. Rbd1 b4 20. Ne2 Rbd8 21. d4 cxd4 22. Nxd4 Qc7 23. b3 Qb7 24. Ndf3 h6 25. Bxh6 Ne4 26. Bxg7 Kxg7 27. Qf4 f6 28. Ng4 g5 29. Qe3 Rxd1 30. Rxd1 Nc3 31. Re1 e5 32. c5 Qc6 33. h4 Nd5 34. Qd2 Qe6 35. Ngh2 g4 36. Nd4 Qc8 37. c6 exd4 38. Rxe8 Qxe8 39. Qxd4 Qe1+ 40. Nf1 Bxc6 0-1


[Site "https://www.chess.com"]

[Event "Titled Tuesday Blitz October 18 Late 2022"]
[White "Winterberg, Lukas"]
[Black "Mohammadian, Mohammad"]
[WhiteFideId "24622702"]
[BlackFideId "12566055"]
[WhiteElo "2349"]
[BlackElo "1489"]
[Result "1-0"]
[Round "01"]
[TimeControl "180+1"]
[Date "2022.10.19"]
[WhiteClock "0:01:52"]
[BlackClock "0:01:10"]

1. e4 e5 2. Nf3 Nc6 3. Bc4 Bc5 4. c3 Nf6 5. d4 exd4 6. e5 d5 7. Bb5 Ne4 8. cxd4 Bb6 9. O-O O-O 10. Nc3 Nxc3 11. bxc3 Bd7 12. Bd3 Be6 13. Ng5 h6 14. Nxe6 fxe6 15. Qg4 g5 16. Qxe6+ Kh8 17. Qxh6+ Kg8 18. Qh7# 1-0


[Site "https://www.chess.com"]

[Event "Titled Tuesday Blitz October 18 Late 2022"]
[White "Yanchenko, Roman"]
[Black "Ansh M Shah"]
[WhiteFideId "4137329"]
[BlackFideId "25033379"]
[WhiteElo "2514"]
[BlackElo "2084"]
[Result "1-0"]
[Round "01"]
[TimeControl "180+1"]
[Date "2022.10.19"]
[WhiteClock "0:01:55"]
[BlackClock "0:01:39"]

1. d4 Nf6 2. c4 e6 3. Nf3 d5 4. Nc3 Be7 5. Bg5 O-O 6. e3 c6 7. Qc2 Nbd7 8. Rd1 b6 9. a3 Bb7 10. h3 Rc8 11. Qb1 Qc7 12. Bf4 Bd6 13. Bxd6 Qxd6 14. cxd5 exd5 15. Bd3 Rfe8 16. O-O c5 17. dxc5 Nxc5 18. Bf5 Rcd8 19. b4 Ne6 20. Nb5 Qb8 21. Nbd4 g6 22. Nxe6 fxe6 23. Bxg6 Kh8 24. Bxe8 Rxe8 25. Rd4 Rg8 26. Rf4 Ne4 27. Rc1 e5 28. Rg4 Nf6 29. Rxg8+ Qxg8 30. Qf5 Qg7 31. Nxe5 d4 32. Ng4 dxe3 33. Qxf6 exf2+ 34. Kxf2 1-0


[Site "https://www.chess.com"]

[Event "Titled Tuesday Blitz October 18 Late 2022"]
[White "Yano, William Jorge Froes"]
[Black "Gunduz, Umut Erdem"]
[WhiteFideId "2112949"]
[BlackFideId "6381383"]
[WhiteElo "2122"]
[BlackElo "2182"]
[Result "0-1"]
[Round "01"]
[TimeControl "180+1"]
[Date "2022.10.19"]
[WhiteClock "0:00:28"]
[BlackClock "0:01:14"]

1. e4 c6 2. Nc3 d5 3. Qf3 d4 4. Bc4 Nh6 5. Nb1 Nd7 6. Qg3 Nb6 7. Bb3 a5 8. a3 e6 9. d3 Ng8 10. f4 Nf6 11. Nd2 Qc7 12. Ngf3 Nh5 13. Qf2 Nxf4 14. Nxd4 e5 15. Nf5 Bxf5 16. exf5 O-O-O 17. Ne4 Nbd5 18. O-O f6 19. Bd2 Kb8 20. Rad1 h5 21. Be1 h4 22. c4 Ne7 23. Bc2 Nxf5 24. Bd2 Nd4 25. Bb1 f5 26. Ng5 Nde2+ 27. Kh1 Ng3+ 0-1


[Site "https://www.chess.com"]

[Event "Titled Tuesday Blitz October 18 Late 2022"]
[White "Yi, Richard"]
[Black "Fajdetic, Hrvoje"]
[WhiteFideId "2079518"]
[BlackFideId "14501945"]
[WhiteElo "2147"]
[BlackElo "2172"]
[Result "1-0"]
[Round "01"]
[TimeControl "180+1"]
[Date "2022.10.19"]
[WhiteClock "0:01:21"]
[BlackClock "0:01:29"]

1. d4 e6 2. c4 f5 3. Nf3 Nf6 4. g3 Be7 5. Bg2 O-O 6. O-O d6 7. b3 Ne4 8. Bb2 Bf6 9. Nbd2 Nxd2 10. Qxd2 Qe8 11. Qc2 e5 12. dxe5 dxe5 13. e4 Qh5 14. Nxe5 fxe4 15. Qxe4 Bxe5 16. Qxe5 Qxe5 17. Bxe5 c6 18. Rfe1 Na6 19. Bd6 Rd8 20. Ba3 Bg4 21. Re7 Rd7 22. Rae1 Rad8 23. h3 Rxe7 24. Rxe7 Rd7 25. Re8+ Kf7 26. Rf8+ Kg6 27. hxg4 1-0


[Site "https://www.chess.com"]

[Event "Titled Tuesday Blitz October 18 Late 2022"]
[White "Yuan, Qingyu"]
[Black "Ozalp, Burak"]
[WhiteFideId "8609772"]
[BlackFideId "6314210"]
[WhiteElo "2359"]
[BlackElo "2106"]
[Result "1-0"]
[Round "01"]
[TimeControl "180+1"]
[Date "2022.10.19"]
[WhiteClock "0:00:05"]
[BlackClock "0:00:04"]

1. d4 Nf6 2. Bf4 g6 3. e3 Bg7 4. Nf3 d6 5. h3 O-O 6. Nbd2 c5 7. c3 b6 8. Be2 Bb7 9. O-O Nbd7 10. a4 a6 11. Qb3 Ne4 12. Nxe4 Bxe4 13. Rfd1 Qc7 14. Ng5 Bb7 15. Bc4 e5 16. Bxf7+ Kh8 17. Bg3 Nf6 18. Bc4 Ne4 19. Ne6 Qe7 20. Nxf8 Rxf8 21. Bd5 Nxg3 22. fxg3 exd4 23. exd4 cxd4 24. cxd4 Bxd5 25. Qxd5 Qe3+ 26. Kh2 Rf2 27. Rf1 h6 28. Rxf2 Qxf2 29. Rd1 Kh7 30. Qxd6 h5 31. Qf4 Qe2 32. Rd2 Qe1 33. Qf2 Qe6 34. d5 Qd6 35. Qf3 h4 36. Qf4 hxg3+ 37. Qxg3 Be5 38. Rd3 g5 39. b3 Kg6 40. Qxe5 Qxe5+ 41. Kg1 Qe1+ 42. Kh2 Qe5+ 43. Kh1 Qd6 44. Rd1 b5 45. axb5 axb5 46. Rd3 b4 47. Rd1 Kf5 48. Rf1+ Ke4 49. Re1+ Kd3 50. Rd1+ Ke2 51. Rd4 Qf6 52. Re4+ Kd3 53. Re6 Qf1+ 54. Kh2 Qf4+ 55. Kg1 Qf5 56. Rd6 Qe5 57. Rd8 Qe1+ 58. Kh2 Qe5+ 59. Kh1 Ke2 60. d6 g4 61. d7 gxh3 62. Re8 hxg2+ 63. Kxg2 1-0


[Site "https://www.chess.com"]

[Event "Titled Tuesday Blitz October 18 Late 2022"]
[White "Zeynalli, Rashad"]
[Black "Coelho, Ramyres Santana"]
[WhiteFideId "13403320"]
[BlackFideId "2120690"]
[WhiteElo "2125"]
[BlackElo "1888"]
[Result "1/2-1/2"]
[Round "01"]
[TimeControl "180+1"]
[Date "2022.10.19"]
[WhiteClock "0:00:52"]
[BlackClock "0:00:22"]

1. d4 Nf6 2. Bf4 Nh5 3. Bc1 Nf6 4. Nf3 g6 5. Bf4 Nh5 6. Bg5 h6 7. Bh4 Bg7 8. e3 c5 9. c3 Qb6 10. Qb3 Qxb3 11. axb3 cxd4 12. exd4 Nc6 13. Na3 g5 14. Bg3 Nxg3 15. hxg3 O-O 16. Nc4 d5 17. Nb6 Rb8 18. Nxd5 e6 19. Ne3 f5 20. Bb5 a6 21. Bxc6 bxc6 22. Nc4 Rxb3 23. Kd2 c5 24. dxc5 Rd8+ 25. Kc2 Rb5 26. b4 Bb7 27. Rhd1 Be4+ 28. Kb2 Rxb4+ 29. Ka3 Rxd1 30. Rxd1 Rxc4 31. Rd8+ Kh7 32. Nd4 Rxc3+ 33. Kb4 Rd3 34. Nxe6 Rxd8 35. Nxd8 Bxg2 36. c6 Bf8+ 37. Ka5 Bd6 38. Kxa6 h5 39. Nf7 Bxg3 40. fxg3 Bxc6 41. Nxg5+ Kg6 42. Nh3 h4 43. gxh4 Kh5 44. Kb6 Be4 45. Kc5 Kxh4 46. Nf4 Kg4 47. Ne6 Bf3 48. Kd4 Bd1 49. Ke5 Bc2 50. Nf4 Be4 51. Ne2 Kf3 52. Nd4+ Kg4 53. Ne6 f4 54. Nxf4 1/2-1/2


[Site "https://www.chess.com"]

[Event "Titled Tuesday Blitz October 18 Late 2022"]
[White "Zierk, Steven"]
[Black "Mahajan, Rushaan"]
[WhiteFideId "2034255"]
[BlackFideId "30934222"]
[WhiteElo "2494"]
[BlackElo "2148"]
[Result "1-0"]
[Round "01"]
[TimeControl "180+1"]
[Date "2022.10.18"]
[WhiteClock "0:01:52"]
[BlackClock "0:00:53"]

1. e4 e5 2. Nf3 Nc6 3. Bc4 Bc5 4. c3 Nf6 5. d4 exd4 6. e5 d5 7. Bb5 Ne4 8. cxd4 Bb6 9. Nc3 O-O 10. Be3 Bg4 11. h3 Bh5 12. Qc2 Bg6 13. Qb3 Nxc3 14. Bxc6 bxc6 15. Qxc3 Be4 16. Qxc6 Bxf3 17. gxf3 Qh4 18. O-O-O Rad8 19. Rhg1 Qxh3 20. Rxg7+ Kh8 21. Rg8+ Rxg8 22. Qf6+ Rg7 23. Qxd8+ Rg8 24. Qf6+ Rg7 25. Rg1 1-0


[Site "https://www.chess.com"]

[Event "Titled Tuesday Blitz October 18 Late 2022"]
[White "Zverev, Lev"]
[Black "Rodriguez Santiago, Jaime"]
[WhiteFideId "24250775"]
[BlackFideId "3100898"]
[WhiteElo "2207"]
[BlackElo "2025"]
[Result "1-0"]
[Round "01"]
[TimeControl "180+1"]
[Date "2022.10.19"]
[WhiteClock "0:02:15"]
[BlackClock "0:00:47"]

1. e4 c6 2. d4 d5 3. e5 Bf5 4. Nf3 e6 5. Be2 c5 6. Be3 Nc6 7. dxc5 Qc7 8. c3 Nxe5 9. Nxe5 Qxe5 10. Qa4+ Ke7 11. O-O Qc7 12. Na3 a6 13. Nb5 Qc6 14. Qa5 b6 15. Qxb6 Qxb6 16. cxb6 axb5 17. Bf4 Re8 18. Bxb5 1-0


[Site "https://www.chess.com"]

[Event "Titled Tuesday Blitz October 18 Late 2022"]
[White "miragha_yev"]
[Black "Ardila, Oscar Humberto"]
[BlackFideId "4404742"]
[WhiteElo "2751"]
[BlackElo "1898"]
[Result "1-0"]
[Round "01"]
[TimeControl "180+1"]
[Date "2022.10.19"]
[WhiteClock "0:00:45"]
[BlackClock "0:00:03"]

1. d4 Nf6 2. Bg5 e6 3. e4 Be7 4. Nf3 d6 5. Bd3 Nbd7 6. O-O h6 7. Bh4 c6 8. Re1 Ng8 9. Bxe7 Qxe7 10. Nbd2 e5 11. c3 Ngf6 12. Qc2 O-O 13. Nf1 Re8 14. Rad1 Nf8 15. Ng3 Ng6 16. Nf5 Qc7 17. Bc4 b5 18. dxe5 Nxe5 19. Be2 Bxf5 20. exf5 Re7 21. Nd4 Rae8 22. Qd2 d5 23. Bf1 a6 24. h3 c5 25. Nc2 Qb6 26. Re3 Nc4 27. Bxc4 bxc4 28. Rxe7 Rxe7 29. Ne3 Re5 30. f4 Re8 31. Nxd5 Nxd5 32. Qxd5 Qxb2 33. Qxc4 Re2 34. Qd5 Qxa2 35. Qf3 a5 36. f6 g6 37. Rd8+ Kh7 38. Qa8 Rxg2+ 39. Qxg2 Qxg2+ 40. Kxg2 g5 41. f5 1-0


[Site "https://www.chess.com"]

[Event "Titled Tuesday Blitz October 18 Late 2022"]
[White "Abdyzhapar, Asylbek"]
[Black "Moroni, Luca Jr"]
[WhiteFideId "13800337"]
[BlackFideId "865834"]
[WhiteElo "2323"]
[BlackElo "2573"]
[Result "1-0"]
[Round "02"]
[TimeControl "180+1"]
[Date "2022.10.18"]
[WhiteClock "0:00:44"]
[BlackClock "0:00:45"]

1. d4 g6 2. c4 Bg7 3. Nc3 d6 4. Nf3 Nc6 5. d5 Ne5 6. Nxe5 Bxe5 7. e4 Nf6 8. Bd3 O-O 9. Ne2 Nd7 10. f4 Bg7 11. O-O c6 12. Kh1 Nc5 13. Bc2 cxd5 14. cxd5 b5 15. Nd4 Bd7 16. Be3 Rc8 17. Rc1 b4 18. h3 a5 19. b3 Qb6 20. Qd2 Qb7 21. f5 Bb5 22. Rf3 Bd7 23. Re1 a4 24. Bb1 axb3 25. axb3 Ra8 26. Bh6 Qb6 27. Bxg7 Kxg7 28. f6+ exf6 29. Qf4 Kg8 30. Qxf6 Rae8 31. Rf4 Re5 32. Nf3 Rh5 33. e5 Bxh3 34. gxh3 Nd7 35. Qxd6 Qxd6 36. exd6 Rxd5 37. Rd4 Rxd4 38. Nxd4 Rc8 39. Bd3 Rc5 40. Bc4 Kf8 41. Re7 Ne5 42. Bxf7 Rc1+ 43. Kg2 Nxf7 44. Ne6+ Kg8 45. Re8# 1-0


[Site "https://www.chess.com"]